PCL
CALGARY COWBOYS @ MEXICO CITY CERVECEROS
04/14/2028
 
TOP OF THE 1ST
Calgary Cowboys batting - Pitching for Mexico City Cerveceros : LHP Sean Perry
Pitching: LHP Sean Perry
Batting: RHB César Rodríguez 0-0: Fly out, F3 (Popup, 3L)
Batting: LHB Del Kennedy 0-0: Called Strike
0-1: Swinging Strike
0-2: Foul Ball, location: 2F
0-2: Foul Ball, location: 2F
0-2: Strikes out swinging
Batting: RHB Tom Rowe 0-0: Ball
1-0: Foul Ball, location: 2F
1-1: Foul Ball, location: 2F
1-2: Foul Ball, location: 2F
1-2: Ball
2-2: Ground out 6-3 (Groundball, 6)
Top of the 1st over - 0 run(s), 0 hit(s), 0 error(s), 0 left on base; Calgary 0 - Mexico City 0
BOTTOM OF THE 1ST
Mexico City Cerveceros batting - Pitching for Calgary Cowboys : RHP Ron Chapman
Pitching: RHP Ron Chapman
Batting: SHB George Adams 0-0: SINGLE (Line Drive, 3L)
Batting: LHB John Nicholson 0-0: Ball
1-0: Ball
2-0: Ball
3-0: Base on Balls
George Adams to second
Batting: RHB Hamilton Holbrook 0-0: Ball
1-0: Called Strike
1-1: Ball
2-1: Foul Ball, location: 2F
2-2: Strikes out swinging
Batting: RHB Dennis Stephenson 0-0: Ball
1-0: Ball
2-0: Foul Ball, location: 2F
2-1: Ball
George Adams steals 3rd base
John Nicholson to second
3-1: Called Strike
3-2: Base on Balls
Batting: LHB Gary Kern 0-0: Ball
1-0: Foul Ball, location: 2F
1-1: Fly out, F5 (Popup, 5L)
Batting: RHB Dave Morgan 0-0: Foul Ball, location: 2F
0-1: Ball
1-1: Swinging Strike
1-2: Foul Ball, location: 2F
1-2: Strikes out swinging
Bottom of the 1st over - 0 run(s), 1 hit(s), 0 error(s), 3 left on base; Calgary 0 - Mexico City 0
TOP OF THE 2ND
Calgary Cowboys batting - Pitching for Mexico City Cerveceros : LHP Sean Perry
Batting: RHB Dan Wyatt 0-0: Ball
1-0: Ball
2-0: Ball
3-0: Foul Ball, location: 2F
3-1: Base on Balls
Batting: LHB Miguel Pérez 0-0: Swinging Strike
0-1: Ball
1-1: Swinging Strike
1-2: Foul Ball, location: 2F
1-2: Fly out, F7 (Flyball, 7LS)
Batting: LHB Freddy Herrera 0-0: SINGLE (Flyball, 7LM)
Dan Wyatt to second
Batting: RHB Tom Yarbrough 0-0: Ball
1-0: Called Strike
1-1: Foul Ball, location: 2F
1-2: Ball
2-2: Foul Ball, location: 2F
2-2: Fly out, F8 (Flyball, 89M)
Batting: RHB Derek Carr 0-0: Ball
1-0: Foul Ball, location: 2F
1-1: Ball
2-1: Swinging Strike
2-2: Ball
3-2: Base on Balls
Dan Wyatt to third
Freddy Herrera to second
Batting: RHB Mario Sánchez 0-0: Ball
1-0: Foul Ball, location: 2F
1-1: Called Strike
1-2: Ball
2-2: Ball
3-2: Strikes out swinging
Top of the 2nd over - 0 run(s), 1 hit(s), 0 error(s), 3 left on base; Calgary 0 - Mexico City 0
BOTTOM OF THE 2ND
Mexico City Cerveceros batting - Pitching for Calgary Cowboys : RHP Ron Chapman
Batting: LHB Don Soper 0-0: Ball
1-0: Called Strike
1-1: Swinging Strike
1-2: Foul Ball, location: 2F
1-2: Foul Ball, location: 2F
1-2: Foul Ball, location: 2F
1-2: Strikes out swinging
Batting: RHB Claudio Souza 0-0: Called Strike
0-1: SOLO HOME RUN (Flyball, 9D), Distance : 339 ft
Batting: LHB Javier Escobedo 0-0: Called Strike
0-1: Ball
1-1: Ball
2-1: Called Strike
2-2: Foul Ball, location: 2F
2-2: Foul Ball, location: 2F
2-2: Strikes out swinging
Batting: SHB George Adams 0-0: Fly out, F4 (Popup, 34)
Bottom of the 2nd over - 1 run(s), 1 hit(s), 0 error(s), 0 left on base; Calgary 0 - Mexico City 1
TOP OF THE 3RD
Calgary Cowboys batting - Pitching for Mexico City Cerveceros : LHP Sean Perry
Batting: RHB César Rodríguez 0-0: Called Strike
0-1: Foul Ball, location: 2F
0-2: Fly out, F3 (Line Drive, 34)
Batting: LHB Del Kennedy 0-0: Ball
1-0: Ground out 4-3 (Groundball, 4)
Batting: RHB Tom Rowe 0-0: Ball
1-0: Called Strike
1-1: Swinging Strike
1-2: Foul Ball, location: 2F
1-2: Ball
2-2: Ball
3-2: Strikes out swinging
Top of the 3rd over - 0 run(s), 0 hit(s), 0 error(s), 0 left on base; Calgary 0 - Mexico City 1
BOTTOM OF THE 3RD
Mexico City Cerveceros batting - Pitching for Calgary Cowboys : RHP Ron Chapman
Batting: LHB John Nicholson 0-0: Ball
1-0: Foul Ball, location: 2F
1-1: Ground out 4-3 (Groundball, 34)
Batting: RHB Hamilton Holbrook 0-0: Ball
1-0: Fly out, F8 (Line Drive, 89S)
Batting: RHB Dennis Stephenson 0-0: Ball
1-0: Ball
2-0: Called Strike
2-1: Ball
3-1: Fly out, F8 (Flyball, 8RXD)
Bottom of the 3rd over - 0 run(s), 0 hit(s), 0 error(s), 0 left on base; Calgary 0 - Mexico City 1
TOP OF THE 4TH
Calgary Cowboys batting - Pitching for Mexico City Cerveceros : LHP Sean Perry
Batting: RHB Dan Wyatt 0-0: Ball
1-0: Ball
2-0: Ball
3-0: Called Strike
3-1: Base on Balls
Batting: LHB Miguel Pérez 0-0: Ball
1-0: Grounds into double play, 5-4-3 (Groundball, 56)
Batting: LHB Freddy Herrera 0-0: Ball
1-0: Fly out, F9 (Flyball, 9S)
Top of the 4th over - 0 run(s), 0 hit(s), 0 error(s), 0 left on base; Calgary 0 - Mexico City 1
BOTTOM OF THE 4TH
Mexico City Cerveceros batting - Pitching for Calgary Cowboys : RHP Ron Chapman
Batting: LHB Gary Kern 0-0: Swinging Strike
0-1: Ball
1-1: DOUBLE (Flyball, 8LXD)
Batting: RHB Dave Morgan 0-0: Ball
1-0: Called Strike
1-1: Ball
2-1: Ball
3-1: Fly out, F8 (Flyball, 8LM)
Batting: LHB Don Soper 0-0: Ground out 4-3 (Groundball, 4)
Gary Kern to third
Batting: RHB Claudio Souza 0-0: Foul Ball, location: 2F
0-1: Fly out, F9 (Flyball, 9S)
Bottom of the 4th over - 0 run(s), 1 hit(s), 0 error(s), 1 left on base; Calgary 0 - Mexico City 1
TOP OF THE 5TH
Calgary Cowboys batting - Pitching for Mexico City Cerveceros : LHP Sean Perry
Batting: RHB Tom Yarbrough 0-0: Ball
1-0: Foul Ball, location: 2F
1-1: Ball
2-1: Foul Ball, location: 2F
2-2: SINGLE (Line Drive, 89S)
Batting: RHB Derek Carr 0-0: Called Strike
0-1: Grounds into double play, 5-4-3 (Groundball, 5)
Batting: RHB Mario Sánchez 0-0: Ball
1-0: Ball
2-0: Ball
3-0: Called Strike
3-1: Called Strike
3-2: Base on Balls
Batting: RHB César Rodríguez 0-0: Ball
1-0: Called Strike
1-1: Ball
2-1: Ball
3-1: Fly out, F6 (Popup, 6D)
Top of the 5th over - 0 run(s), 1 hit(s), 0 error(s), 1 left on base; Calgary 0 - Mexico City 1
BOTTOM OF THE 5TH
Mexico City Cerveceros batting - Pitching for Calgary Cowboys : RHP Ron Chapman
Batting: LHB Javier Escobedo 0-0: Foul Ball, location: 2F
0-1: Ball
1-1: Swinging Strike
1-2: Foul Ball, location: 2F
1-2: Foul Ball, location: 2F
1-2: Ball
2-2: Ball
3-2: Foul Ball, location: 2F
3-2: Foul Ball, location: 2F
3-2: Base on Balls
Batting: SHB George Adams 0-0: Ball
1-0: Called Strike
1-1: Ball
2-1: Called Strike
2-2: Fly out, F7 (Flyball, 7S)
Batting: LHB John Nicholson 0-0: Ball
1-0: Ball
2-0: Called Strike
2-1: Called Strike
2-2: Foul Ball, location: 2F
2-2: Foul Ball, location: 2F
2-2: Ball
3-2: Ground out U3 (Groundball, 3)
Javier Escobedo to second
Batting: RHB Hamilton Holbrook 0-0: Ball
1-0: Ground out 6-3 (Groundball, 6)
Bottom of the 5th over - 0 run(s), 0 hit(s), 0 error(s), 1 left on base; Calgary 0 - Mexico City 1
TOP OF THE 6TH
Calgary Cowboys batting - Pitching for Mexico City Cerveceros : LHP Sean Perry
Batting: LHB Del Kennedy 0-0: Called Strike
0-1: Ball
1-1: Fly out, F7 (Flyball, 7)
Batting: RHB Tom Rowe 0-0: Ball
1-0: Ground out 3-1 (Groundball, 34)
Batting: RHB Dan Wyatt 0-0: Ball
1-0: Ball
2-0: Swinging Strike
2-1: Ball
3-1: Base on Balls
Batting: LHB Miguel Pérez 0-0: Ball
1-0: Ball
2-0: Fly out, F5 (Popup, 5S)
Top of the 6th over - 0 run(s), 0 hit(s), 0 error(s), 1 left on base; Calgary 0 - Mexico City 1
BOTTOM OF THE 6TH
Mexico City Cerveceros batting - Pitching for Calgary Cowboys : RHP Ron Chapman
Batting: RHB Dennis Stephenson 0-0: Ball
1-0: Foul Ball, location: 2F
1-1: Foul Ball, location: 2F
1-2: Ball
2-2: Fly out, F9 (Flyball, 9S)
Batting: LHB Gary Kern 0-0: Called Strike
0-1: Called Strike
0-2: Foul Ball, location: 2F
0-2: Ball
1-2: Strikes out looking
Batting: RHB Dave Morgan 0-0: Foul Ball, location: 2F
0-1: Fly out, F8 (Flyball, 8RD)
Bottom of the 6th over - 0 run(s), 0 hit(s), 0 error(s), 0 left on base; Calgary 0 - Mexico City 1
TOP OF THE 7TH
Calgary Cowboys batting - Pitching for Mexico City Cerveceros : LHP Sean Perry
Batting: LHB Freddy Herrera 0-0: Called Strike
0-1: Fly out, F7 (Flyball, 78S)
Batting: RHB Tom Yarbrough 0-0: Swinging Strike
0-1: Swinging Strike
0-2: Strikes out swinging
Batting: RHB Derek Carr 0-0: Ball
1-0: Called Strike
1-1: Ground out 6-3 (Groundball, 56)
Top of the 7th over - 0 run(s), 0 hit(s), 0 error(s), 0 left on base; Calgary 0 - Mexico City 1
BOTTOM OF THE 7TH
Mexico City Cerveceros batting - Pitching for Calgary Cowboys : RHP Ron Chapman
Pitching: RHP Paul Barton
Batting: LHB Don Soper 0-0: Fly out, F8 (Flyball, 8RS)
Batting: RHB Claudio Souza 0-0: Swinging Strike
0-1: Ball
1-1: Foul Ball, location: 2F
1-2: Strikes out swinging
Batting: LHB Javier Escobedo 0-0: Swinging Strike
0-1: Swinging Strike
0-2: Ball
1-2: Strikes out swinging
Bottom of the 7th over - 0 run(s), 0 hit(s), 0 error(s), 0 left on base; Calgary 0 - Mexico City 1
TOP OF THE 8TH
Calgary Cowboys batting - Pitching for Mexico City Cerveceros : LHP Sean Perry
Pitching: RHP Troy Hawkins
Batting: RHB Mario Sánchez 0-0: Ball
1-0: Fly out, F4 (Line Drive, 4M)
Batting: RHB César Rodríguez 0-0: Swinging Strike
0-1: Foul Ball, location: 2F
0-2: Fly out, F8 (Flyball, 8LD)
Pitching: LHP Daniel Draper
Batting: LHB Del Kennedy 0-0: Called Strike
0-1: Ball
1-1: Ball
2-1: Foul Ball, location: 2F
2-2: Ground out 4-3 (Groundball, 4MS)
Top of the 8th over - 0 run(s), 0 hit(s), 0 error(s), 0 left on base; Calgary 0 - Mexico City 1
BOTTOM OF THE 8TH
Mexico City Cerveceros batting - Pitching for Calgary Cowboys : RHP Paul Barton
Batting: SHB George Adams 0-0: Ball
1-0: Called Strike
1-1: Foul Ball, location: 2F
1-2: Ball
2-2: Strikes out swinging
Batting: LHB John Nicholson 0-0: Swinging Strike
0-1: Ground out 4-3 (Groundball, 34)
Batting: RHB Hamilton Holbrook 0-0: Called Strike
0-1: Called Strike
0-2: Ball
1-2: Ball
2-2: Ground out 6-3 (Groundball, 56)
Bottom of the 8th over - 0 run(s), 0 hit(s), 0 error(s), 0 left on base; Calgary 0 - Mexico City 1
TOP OF THE 9TH
Calgary Cowboys batting - Pitching for Mexico City Cerveceros : LHP Daniel Draper
Pitching: LHP Rubén Rico
Now at C: Fernando Garza
Batting: RHB Tom Rowe 0-0: Foul Ball, location: 2F
0-1: Ball
1-1: Swinging Strike
1-2: Foul Ball, location: 2F
1-2: Hit by Pitch
Batting: RHB Dan Wyatt 0-0: Ball
1-0: Called Strike
1-1: Ball
2-1: Ball
3-1: DOUBLE (Line Drive, 7D)
Tom Rowe to third
Runner from 3rd tries for Home, SAFE, no throw
Batting: LHB Miguel Pérez 0-0: Ground out 1-3 (Groundball, 13)
Dan Wyatt to third
Batting: LHB Freddy Herrera 0-0: Called Strike
0-1: Squeeze Bunt - play home, runner scores, batter safe!
Dan Wyatt scores
Pitching: RHP Darryl Carter
Batting: RHB Tom Yarbrough 0-0: SINGLE (Groundball, 56D)
Freddy Herrera to second
Batting: RHB Derek Carr 0-0: Called Strike
0-1: Ball
Wild Pitch!
Freddy Herrera to third
Tom Yarbrough to second
1-1: Ball
2-1: Swinging Strike
2-2: Ball
3-2: Base on Balls
Batting: RHB Mario Sánchez 0-0: Called Strike
0-1: Ball
1-1: Ball
2-1: Ball
3-1: Base on Balls
Freddy Herrera scores
Tom Yarbrough to third
Derek Carr to second
Batting: RHB César Rodríguez 0-0: Ball
1-0: Ball
2-0: Ball
3-0: Called Strike
3-1: Swinging Strike
3-2: Base on Balls
Tom Yarbrough scores
Derek Carr to third
Mario Sánchez to second
Batting: LHB Del Kennedy 0-0: Ball
1-0: Foul Ball, location: 2F
1-1: Called Strike
1-2: Strikes out swinging
Batting: RHB Tom Rowe 0-0: SINGLE (Groundball, 34D)
Derek Carr scores
Mario Sánchez to third
César Rodríguez to second
Runner from 3rd tries for Home, SAFE, throw made home
César Rodríguez to third
Tom Rowe to second
Pitching: LHP Columbo Briatori
Batting: RHB Dan Wyatt 0-0: Ground out 5-3 (Groundball, 56)
Top of the 9th over - 6 run(s), 3 hit(s), 0 error(s), 2 left on base; Calgary 6 - Mexico City 1
BOTTOM OF THE 9TH
Mexico City Cerveceros batting - Pitching for Calgary Cowboys : RHP Paul Barton
Now at 3B: Travis Colbert
Batting: RHB Fernando Garza 0-0: Ground out 4-3 (Groundball, 4)
Batting: LHB Gary Kern 0-0: Ground out U3 (Groundball, 3)
Batting: RHB Dave Morgan 0-0: Foul Ball, location: 2F
0-1: Ball
1-1: Ball
2-1: Ball
3-1: Called Strike
3-2: Foul Ball, location: 2F
3-2: Strikes out swinging
Bottom of the 9th over - 0 run(s), 0 hit(s), 0 error(s), 0 left on base; Calgary 6 - Mexico City 1
Tuesday, August 8th, 2017 - OOTP Baseball 17.12 Build 75